 Dungeon Crawl Stone Soup version 0.25.0-1-g7eea58d (webtiles) character file.

Game seed: 7798080324160853728

4059 rhysdieslots the Frost Mage (level 10, -3/79 HPs)
             Began as a Merfolk Ice Elementalist on June 16, 2020.
             Was a Believer of Sif Muna.
             Killed from afar by a deep elf mage (18 damage)
             ... with a bolt of negative energy
             ... on level 8 of the Dungeon.
             The game lasted 00:35:46 (9522 turns).

rhysdieslots the Frost Mage (MfIE)                  Turns: 9522, Time: 00:35:46

Health: -3/79      AC:  6    Str: 10    XL:     10   Next: 25%
Magic:  17/19      EV: 11    Int: 17    God:    Sif Muna [**....]
Gold:   397        SH:  0    Dex: 14    Spells: 3/21 levels left

rFire    . . .     SeeInvis .   z - staff of cold
rCold    + + .     Gourm    .   (no shield)
rNeg     . . .     Faith    .   h - +3 leather armour
rPois    +         Spirit   .   (no helmet)
rElec    .         Reflect  .   (no cloak)
rCorr    .         Harm     .   (no gloves)
MR       .....                  (no boots)
Stlth    +.........             y - amulet of inaccuracy (curse)
HPRegen  0.23/turn              w - ring of poison resistance
MPRegen  0.16/turn              x - ring of protection from cold

@: frozen ramparts, heavily drained
A: change form in water, swift swim, stealthy swim
a: Channel Magic, Renounce Religion


You were on level 8 of the Dungeon.
You worshipped Sif Muna.
Sif Muna was pleased with you.
You were not hungry.

You visited 2 branches of the dungeon, and saw 9 of its levels.

You collected 397 gold pieces.

Inventory:

Hand Weapons
 e - a +1 spear
 j - the +2 spear of Goleuvve {flame, Str+4}
   (You found it on level 5 of the Dungeon)

   It has been specially enchanted to burn those struck by it, causing extra
   injury to most foes and up to half again as much damage against particularly
   susceptible opponents.
   It affects your strength (+4).
 u - a +0 trident of flaming
Armour
 h - a +3 leather armour (worn)
Magical Staves
 z - an uncursed staff of cold (weapon)
Jewellery
 v - an uncursed amulet of regeneration
 w - a ring of poison resistance (left hand)
 x - a ring of protection from cold (right hand)
 y - a cursed amulet of inaccuracy (around neck)
Wands
 a - a wand of enslavement (6)
 g - a wand of flame (20)
 i - a wand of digging (11)
 s - a wand of acid (5)
Scrolls
 d - 2 scrolls of teleportation
 f - 2 scrolls of enchant weapon
 r - 5 scrolls of identify
Potions
 b - 3 potions of brilliance
 k - 2 potions of curing {unknown}
 l - 3 potions of lignification {unknown}
 m - 2 potions of berserk rage {unknown}
 n - a potion of cancellation {unknown}
 o - a potion of might {unknown}
 p - 3 potions of flight {unknown}
 t - a potion of heal wounds {unknown}
Comestibles
 c - 15 rations
 q - a chunk of flesh


   Skills:
 + Level 7.2(5.8) Fighting
 + Level 9.3(7.9) Polearms
 - Level 2.7(1.5) Dodging
 - Level 2.2(1.0) Stealth
 - Level 6.3(5.0) Spellcasting
 * Level 1.5(0.3) Hexes
 * Level 2.8(1.6) Charms
 * Level 3.9(2.7) Summonings
 * Level 11.1(9.7) Ice Magic
 + Level 0.5(0.0) Invocations
 - Level 2.0(0.8) Evocations


You had 3 spell levels left.
You knew the following spells:

 Your Spells              Type           Power        Failure   Level  Hunger
a - Freeze                Ice            ####         1%          1    None
b - Frozen Ramparts       Ice            ######       1%          3    ###....
c - Ozocubu's Armour      Chrm/Ice       #####...     5%          3    ###....
d - Summon Ice Beast      Ice/Summ       #####...     16%         4    ####...
e - Hailstorm             Conj/Ice       ####....     26%         4    ####...
f - Spectral Weapon       Hex/Chrm       #.......     36%         3    ###....

Your spell library contained the following spells:

 Spells                   Type           Power        Failure   Level  Hunger
 Infusion                 Chrm           #...         10%         1    None
 Song of Slaying          Chrm           #.......     14%         2    #......
 Shroud of Golubria       Chrm/Tloc      #.....       21%         2    #......
 Confusing Touch          Hex            #.......     45%         3    ###....
 Gell's Gravitas          Tloc           #.........   50%         3    ###....
 Metabolic Englaciation   Hex/Ice        ####......   56%         5    ######.
 Petrify                  Tmut/Erth      #.......     88%         4    ####...
 Irradiate                Conj/Tmut      #.........   99%         5    ######.
 Yara's Violent Unravell  Hex/Tmut       #.........   99%         5    ######.
 Hydra Form               Tmut           #.........   100%        6    #######
 Statue Form              Tmut/Erth      #........    100%        6    #######
 Dragon Form              Tmut           #.........   100%        7    #######


Dungeon Overview and Level Annotations

Branches:
Dungeon (8/15)             Temple (1/1) D:4
   Lair: D:8-11

Altars:
Ashenzari
Dithmenos
Elyvilon
Fedhas
Gozag
Hepliaklqana
Kikubaaqudgha
Makhleb
Nemelex Xobeh
Okawaru
Qazlal
Ru
Sif Muna
Trog
Uskayaw
Vehumet
Yredelemnul

Shops:
D:5 }


Message History

You miss the black mamba.
The black mamba is severely wounded.
The wall freezes the black mamba.
The black mamba bites you!
A yaktaur captain comes into view.
The wall freezes the black mamba!
You kill the black mamba!
Sif Muna accepts your kill.
The black mamba's shape twists and changes as it dies.
The deep elf mage gestures wildly while chanting.
You hear a shout!
The yaktaur captain shouts!
The deep elf mage gestures at you while chanting.
The bolt of negative energy hits you!!!
You feel drained.
Ouch! That really hurt!
* * * LOW HITPOINT WARNING * * *
Okay, then.
The wall freezes the deep elf mage!
The deep elf mage casts a spell at you. The bolt of negative energy hits you!!
You feel drained.
You die...

...###....# sr ...
##...###..# .# .##
##....###. #.# ###.
#......### ###e#
###...
#.#......#####...###
#...#<
#.######...##...†..#
# #... #.#
###.(#..###.#..
...>... #.# ##.##.#
.# ##.#### #.#
#..#@#####.# # #.
#.# ##.##.....# #.
#. #######.#.....#
#. ........##...##
#. ###.###..#...# #.
#....#.##.## #.
####.#..#.# ..# #.
#.##.#.# # .. #.
###.#...#..# <.


You could see a deep elf mage.

Vanquished Creatures
  Harold (D:7)
  Joseph (D:7)
  A black mamba (shapeshifter) (D:8)
  A spriggan (D:7)
  Menkaure (D:4)
  Duvessa (D:4)
  An ice beast (D:8)
  2 phantoms
  A black bear (D:8)
  2 centaurs
  3 bullfrogs
  3 scorpions
  3 killer bees (D:8)
  4 crimson imps
  A jelly (D:6)
  3 orc priests
  2 hounds
  3 iguanas
  Terence (D:3)
  Natasha (twice) (D:4)
  2 orc wizards
  5 worker ants
  A hound zombie (D:5)
  A worker ant zombie (D:3)
  A howler monkey skeleton (D:6)
  9 adders
  3 gnolls
  3 shadow imps (D:5)
  An ooze (D:2)
  An adder zombie (D:7)
  An adder skeleton (D:7)
  5 worms
  2 dart slugs
  A leopard gecko (D:7)
  17 orcs
  A ball python (D:4)
  7 bats
  6 giant cockroaches
  6 goblins
  7 hobgoblins
  14 jackals
  3 quokkas
  A ball python skeleton (D:5)
  3 frilled lizards
  7 kobolds
  A leopard gecko skeleton (D:7)
  5 rats
151 creatures vanquished.

Vanquished Creatures (collateral kills)
  Grinder (D:4)
  An ice beast (D:5)
  A phantom (D:4)
  Dowan (D:4)
  A hound (D:4)
  A bullfrog skeleton (D:4)
  2 orc priests (D:5)
  Natasha (D:4)
  An iguana (D:6)
  A worker ant (D:5)
  A hound zombie (D:5)
  A gnoll (D:4)
  An ooze (D:7)
  A worm (D:4)
  An orc (D:5)
16 creatures vanquished.

Grand Total: 167 creatures vanquished

Notes
Turn   | Place    | Note
-------+----------+-------------------------------------------
     0 | D:1      | rhysdieslots the Merfolk Ice Elementalist began the quest
                  | for the Orb.
     0 | D:1      | Reached XP level 1. HP: 13/13 MP: 3/3
   490 | D:1      | Reached XP level 2. HP: 20/20 MP: 5/5
   526 | D:1      | Reached skill level 1 in Polearms
  1145 | D:1      | Reached skill level 1 in Fighting
  1145 | D:1      | Reached XP level 3. HP: 26/26 MP: 6/6
  1150 | D:1      | Learned a level 3 spell: Frozen Ramparts
  1635 | D:2      | Reached skill level 5 in Ice Magic
  1707 | D:2      | Found a stormy altar of Qazlal.
  1981 | D:2      | Reached XP level 4. HP: 32/32 MP: 7/7
  1990 | D:2      | Learned a level 3 spell: Ozocubu's Armour
  2777 | D:3      | Reached skill level 5 in Fighting
  2777 | D:3      | Reached skill level 5 in Spellcasting
  2777 | D:3      | Reached skill level 9 in Ice Magic
  2777 | D:3      | Reached XP level 5. HP: 46/46 MP: 8/12
  2817 | D:3      | Reached XP level 6. HP: 47/52 MP: 13/13
  2823 | D:3      | Learned a level 4 spell: Summon Ice Beast
  3269 | D:3      | Reached skill level 1 in Charms
  3304 | D:3      | Noticed Terence
  3316 | D:3      | Killed Terence
  3819 | D:4      | Noticed Natasha
  3831 | D:4      | Killed Natasha
  4011 | D:4      | Noticed a phantom
  4038 | D:4      | Killed a phantom
  4038 | D:4      | Reached XP level 7. HP: 39/57 MP: 10/15
  4204 | D:4      | Noticed Duvessa
  4214 | D:4      | Killed Duvessa
  4218 | D:4      | Noticed Dowan
  4225 | D:4      | Killed Dowan
  4225 | D:4      | Reached skill level 1 in Summonings
  4304 | D:4      | Noticed Grinder
  4304 | D:4      | Paralysed by Grinder for 2 turns
  4336 | D:4      | Paralysed by Grinder for 5 turns
  4337 | D:4      | Killed Grinder
  4459 | D:4      | Noticed Natasha
  4464 | D:4      | Killed Natasha
  4709 | D:4      | Found a staircase to the Ecumenical Temple.
  4712 | D:4      | Reached skill level 10 in Ice Magic
  4712 | D:4      | Reached XP level 8. HP: 47/64 MP: 12/16
  4720 | D:4      | Learned a level 4 spell: Hailstorm
  4721 | Temple   | Entered the Ecumenical Temple
  4935 | Temple   | Became a worshipper of Sif Muna the Loreminder
  5089 | D:4      | Noticed Natasha
  5096 | D:4      | Killed Natasha
  5855 | D:5      | Entered Level 5 of the Dungeon
  5860 | D:5      | Got a bloodstained spear
  5861 | D:5      | Identified the cursed +2 spear of Goleuvve {flame, Str+4}
                  | (You found it on level 5 of the Dungeon)
  5885 | D:5      | Noticed Menkaure
  5905 | D:4      | Killed Menkaure
  6619 | D:5      | Found Viceabb's Gadget Emporium.
  6643 | D:5      | Reached * piety under Sif Muna
  7255 | D:6      | Reached XP level 9. HP: 45/71 MP: 12/18
  7391 | D:6      | Found a sacrificial altar of Ru.
  7632 | D:6      | Found a sacrificial altar of Ru.
  7663 | D:6      | Found a hazy altar of Hepliaklqana.
  7700 | D:6      | Found a white marble altar of Elyvilon.
  7896 | D:7      | Reached skill level 1 in Evocations
  8001 | D:7      | Learned a level 3 spell: Spectral Weapon
  8043 | D:7      | Reached ** piety under Sif Muna
  8103 | D:7      | Noticed Joseph
  8108 | D:7      | Noticed Harold
  8117 | D:7      | Killed Joseph
  8160 | D:7      | Killed Harold
  8160 | D:7      | Reached skill level 11 in Ice Magic
  8474 | D:7      | Found a bloodstained altar of Trog.
  8475 | D:7      | Found an iron altar of Okawaru.
  8764 | D:7      | Reached XP level 10. HP: 72/79 MP: 13/19
  9302 | D:8      | Found a blossoming altar of Fedhas.
  9386 | D:8      | Reached skill level 1 in Hexes
  9514 | D:8      | Noticed a deep elf mage
  9514 | D:8      | Noticed a black mamba
  9518 | D:8      | Noticed a yaktaur captain
  9518 | D:8      | Killed a black mamba
  9522 | D:8      | Killed from afar by a deep elf mage

Illustrated notes

Levels and vault maps discovered:
D:1:      kilobyte_arrival_exit_the_forest, layout_loops_ring, minivault_4
D:2:      layout_loops_ring, grunt_qazlal_clouds
D:3:      layout_basic, first_ration, st_stairs_6, hangedman_decor_push,
          uniq_terence
D:4:      minmay_angry_zag, layout_loops_corners,
          minmay_temple_entry_proselytizer, uniq_duvessa, uniq_grinder,
          uniq_natasha
D:5:      layout_cave_pools, serial_shops, nicolae_shop_behind_doors,
          uniq_menkaure
D:6:      layout_basic, kennysheep_mini, hangedman_ru_absence, elyvilon_altar_5,
          basic_altar, centaur_isle
D:7:      layout_basic, grunt_temple_overflow_bloody_war, minivault_5,
          the_bakery, uniq_joseph, uniq_harold
D:8:      minmay_the_grid_four_pointed_star
          [minmay_the_grid_triangle_9x9_shrine,
          minmay_the_grid_triangle_9x9_negative_grid,
          minmay_the_grid_triangle_9x9_intruding_spiral,
          minmay_the_grid_triangle_9x9_warning,
          minmay_the_grid_prize_diamond_cup], layout_basic,
          david_defended_altar_orc
Temple:   regret_index_temple_generic_petals

Skill      XL: |  1  2  3  4  5  6  7  8  9 10 |
---------------+-------------------------------+-----
Polearms       | 1 2 7 8 9 |  9.3
Fighting       | 1 5 6 7 |  7.2
Ice Magic      | 5 9 10 11 | 11.1
Spellcasting   | 5 6 |  6.3
Charms         | 1 2 |  2.8
Summonings     | 1 2 3 |  3.9
Evocations     | 2 |  2.0
Hexes          | 1 |  1.5
Dodging        | |  2.7
Stealth        | |  2.2
Invocations    | |  0.5

Action                   |  1- 3 |  4- 6 |  7- 9 | 10-12 || total
-------------------------+-------+-------+-------+-------++-------
Melee: Spear             |    92 |   145 |   233 |    30 ||   500
       Staff             |       |       |       |     2 ||     2
 Cast: Freeze            |    16 |    15 |    24 |     5 ||    60
       Frozen Ramparts   |     4 |     9 |    29 |     5 ||    47
       Ozocubu's Armour  |       |     5 |     1 |       ||     6
       Summon Ice Beast  |       |       |    26 |     1 ||    27
Evoke: Wand              |       |     1 |    11 |     2 ||    14
  Use: Scroll            |       |     9 |     4 |     1 ||    14
       Potion            |       |     2 |     1 |       ||     3
 Stab: Sleeping          |     8 |     9 |     7 |     2 ||    26
       Distracted        |       |       |     2 |       ||     2
  Eat: Chunk             |     3 |     5 |    11 |     2 ||    21
       Ration            |     1 |       |     3 |       ||     4
Armor: Robe              |     8 |    23 |    20 |       ||    51
       Leather armour    |       |       |     3 |     5 ||     8
Dodge: Dodged            |    52 |    68 |    83 |     6 ||   209
